 Dungeon Sprint DCSS version 0.28.0-53-g5a82cb258f (webtiles) character file.

Game seed: 16658186429666795015

3198 Revguard the Torchbearer (level 9, -3/76 HPs)
             Began as a Demonspawn Fighter on May 23, 2022.
             Was a Believer of Yredelemnul.
             Slain by a +1 vorpal war axe (7 damage)
             ... in the Dungeon (Sprint V: "Ziggurat Sprint").
             The game lasted 00:07:34 (269 turns).

Revguard the Torchbearer (Demonspawn Fighter)        Turns: 269, Time: 00:07:36

Health: -3/76      AC: 28    Str: 22    XL:     9   Next: 64%
Magic:  15/17      EV:  5    Int: 10    God:    Yredelemnul [**....]
Gold:   0          SH: 30    Dex: 23    Spells: 8/8 levels left

rFire   . . .      SeeInvis .   F - +9 sword of Zonguldrok {reap}
rCold   . . .      Faith    .   E - +18 shield of the Gong {rElec rN+ Will+ EV-5}
rNeg    + . .      Spirit   .   D - +15 Maxwell's patent armour {-Cast -Tele rElec Will+ rCorr}
rPois   .          Reflect  .   (no helmet)
rElec   +          Harm     .   (no cloak)
rCorr   +          Rampage  .   (no gloves)
Will    ++...      NoTele   +   (no boots)
Stlth   .......... NoCast   +   (no amulet)
HPRegen 3.22/turn               A - +6 ring of strength
MPRegen 0.15/turn               w - +6 ring of dexterity

@: no status effects
A: hooves 1, foul stench 1, powered by death 1, weakness stinger 1, demonic
touch 2
a: Renounce Religion, Recall Undead Harvest, Dark Bargain


You were in the Dungeon.
You worshipped Yredelemnul.
Yredelemnul was aware of your devotion.
You visited 1 branch

Inventory:

Hand Weapons
 a - a +0 long sword
 F - the +9 sword of Zonguldrok (weapon) {reap}
   (You found it in the Dungeon)

   Any living foe damaged by it may be reanimated upon death as a zombie
   friendly to the wielder, with an increasing chance as more damage is dealt.
Armour
 b - a +0 scale mail
 c - a +0 buckler
 D - the +15 Maxwell's patent armour (worn) {-Cast -Tele rElec Will+ rCorr}
   (You found it in the Dungeon)

   rElec:     It insulates you from electricity.
   -Cast:     It prevents spellcasting.
   -Tele:     It prevents most forms of teleportation.
   rCorr:     It protects you from acid and corrosion.
   Will:      It increases your willpower.
 E - the +18 shield of the Gong (worn) {rElec rN+ Will+ EV-5}
   (You found it in the Dungeon)

   It is deafeningly noisy when blocking attacks.
   EV:        It affects your evasion (-5).
   rElec:     It insulates you from electricity.
   rN:        It protects you from negative energy.
   Will:      It increases your willpower.
Jewellery
 v - a ring of flight
 w - a +6 ring of dexterity (right hand)
 x - a +6 ring of dexterity
 y - a +6 ring of intelligence
 z - a +6 ring of intelligence
 A - a +6 ring of strength (left hand)
 B - a +6 ring of strength
 G - a ring of wizardry
Wands
 s - a wand of mindburst (7)
 t - a wand of iceblast (7)
 u - a wand of acid (5)
Scrolls
 j - 4 scrolls of blinking
 o - 4 scrolls of amnesia
 p - 7 scrolls of fog
 q - 5 scrolls of identify
 r - 2 scrolls of fear
Potions
 d - 6 potions of might
 e - 10 potions of curing
 f - 10 potions of heal wounds
 g - 6 potions of haste
 h - 7 potions of magic
 i - 3 potions of berserk rage
 k - 2 potions of brilliance
 l - 2 potions of invisibility
 m - 4 potions of resistance
Miscellaneous
 n - a phial of floods
 C - a lightning rod (4/4)
 H - a box of beasts


   Skills:
 + Level 9.3 Fighting
 + Level 8.1 Long Blades
 + Level 8.4 Armour
 + Level 7.7 Dodging
 + Level 8.4 Shields
 + Level 11.3 Invocations
 + Level 8.5 Evocations


You had 8 spell levels left.
You didn't know any spells.
Your spell library contained the following spells:

 Spells                   Type           Power      Damage    Failure   Level
 Slow                     Hex            0%         N/A       100%        1
 Scorch                   Fire           0%         2d5       100%        2
 Ignite Poison            Fire/Tmut/Pois 0%         N/A       100%        3
 Mephitic Cloud           Conj/Pois/Air  0%         N/A       100%        3
 Flame Wave               Conj/Fire      0%         2d4       100%        4
 Sticky Flame             Conj/Fire      0%         2d3       100%        4
 Freezing Cloud           Conj/Ice/Air   0%         6-21      100%        5
 Fire Storm               Conj/Fire      0%         5d1       100%        9


Dungeon Overview and Level Annotations

Branches:
Dungeon (1/1)

Altars:
Ashenzari
Cheibriados
Dithmenos
Elyvilon
Fedhas
Gozag
Hepliaklqana
Kikubaaqudgha
Makhleb
Nemelex Xobeh
Okawaru
Qazlal
Ru
Sif Muna
Trog
Uskayaw
Vehumet
Wu Jian
Xom
Yredelemnul
Zin
The Shining One
Beogh
Jiyva
Lugonu

Annotations:
D 1 transporter


Innate Abilities, Weirdness & Mutations

You have large cloven feet.
You may rarely emit foul miasma when damaged in melee.
You regenerate a little health from kills.
You have a small tail.
Your touch may inflict irresistible damage on your foes.


Message History

You kick the +1 vorpal war axe, but do no damage.
The +1 vorpal war axe is lightly damaged.
You block the +1 vorpal war axe's attack.
SHROANNG!
The +1 vorpal war axe hits your jumping spider zombie.
The +1 vorpal war axe barely misses your deep elf zephyrmancer zombie.
Your jumping spider zombie pounces on the +1 vorpal war axe but does no damage.
Your jumping spider zombie completely misses the +1 vorpal war axe.
Your deep elf zephyrmancer zombie completely misses the +1 vorpal war axe.
Your juvenile stingox beast completely misses the +1 vorpal war axe.
The +1 vorpal war axe hits you!
* * * LOW HITPOINT WARNING * * *
x2 The +1 vorpal war axe hits your jumping spider zombie!
The +1 vorpal war axe barely misses your deep elf zephyrmancer zombie.
Your jumping spider zombie closely misses the +1 vorpal war axe.
Your jumping spider zombie misses the +1 vorpal war axe.
Your juvenile stingox beast stings the +1 vorpal war axe from afar.
Your deep elf zephyrmancer zombie hits the +1 vorpal war axe but does no damage.
Your jumping spider zombie pounces on the +1 vorpal war axe!
Your jumping spider zombie barely misses the +1 vorpal war axe.
Aiming: Corrosive Bolt
Press: ? - help, Shift-Dir - straight line, f - +1 vorpal war axe
Aim: a +1 vorpal war axe (heavily damaged, ally target, 48% to hit)
The bolt of acid misses the +1 vorpal war axe.
You block the +1 vorpal war axe's attack.
BONNNG!
The +1 vorpal war axe completely misses your juvenile stingox beast.
The +1 vorpal war axe hits your jumping spider zombie.
Your jumping spider zombie misses the +1 vorpal war axe.
Your jumping spider zombie bites the +1 vorpal war axe.
Your juvenile stingox beast hits the +1 vorpal war axe.
Your juvenile stingox beast stings the +1 vorpal war axe.
Your juvenile stingox beast closely misses the +1 vorpal war axe.
You hit the +1 vorpal war axe. Your kick misses the +1 vorpal war axe.
You tail-slap the +1 vorpal war axe.
The +1 vorpal war axe is almost destroyed.
The +1 vorpal war axe hits you!!
* * * LOW HITPOINT WARNING * * *
You die...
Your body rises from the dead as a mindless zombie.

▓▓▓▓▓▓▓▓▓▓▓▓▓▓▓▓▓▓▓
▓..8©8..▓ ▓..}![..▓
▓..)}}..▓ ▓.......▓
▓.......▓ ▓...)ZH.▓
▓...Z(..▓ ▓...).@.▓
▓...©...▓ ▓▓▓▓▓▓▓▓▓


You could see a +1 vorpal war axe (ally target), a friendly juvenile stingox
beast (summoned), a friendly jumping spider zombie and a friendly deep elf
zephyrmancer zombie.

Vanquished Creatures
  A deep elf pyromancer (D)
  A deep elf zephyrmancer (D)
  3 jumping spiders (D)
  Sigmund (D)
  Blork the orc (D)
  7 scorpions (D)
  An earth elemental (D)
  A quasit (D)
  An iron imp (D)
17 creatures vanquished.

Vanquished Creatures (collateral kills)
  A dancing weapon (D)
  A deep elf zephyrmancer (D)
  A scorpion (D)
  Crazy Yiuf (D)
  Jessica (D)
5 creatures vanquished.

Vanquished Creatures (others)
  2 jumping spider zombies (D)
  An elf zombie (D)
  5 scorpion zombies (D)
  A spectral iron imp (D)
  A human zombie (D)
10 creatures vanquished.

Grand Total: 32 creatures vanquished

Notes
Turn   | Place    | Note
-------+----------+-------------------------------------------
     0 | D        | Revguard the Demonspawn Fighter began the quest for the
                  | Orb.
     0 | D        | Reached XP level 1. HP: 18/18 MP: 1/1
     0 | D        | Found a blossoming altar of Fedhas.
     0 | D        | Found the +6 Majin-Bo {vamp, MP+6 Int+6}
     0 | D        | Found the +9 heavy crossbow "Sniper" {vorpal, Acc+∞ SInv}
     0 | D        | Found the +10 dark maul {vorpal}
     0 | D        | Found the +15 Maxwell's patent armour {-Cast -Tele rElec
                  | Will+ rCorr}
     0 | D        | Found the +18 shield of the Gong {rElec rN+ Will+ EV-5}
     0 | D        | Found the +14 obsidian axe {vorpal, Mesm Drain Fly SInv}
     0 | D        | Found the +7 great mace "Firestarter" {inner flame, rF++}
     0 | D        | Found the +6 shillelagh "Devastator" {shatter}
     0 | D        | Found the +11 plutonium sword {Contam Stlth-}
     0 | D        | Found the +8 lance "Wyrmbane" {slay drac, rPois rF+ rC+
                  | AC+3}
     0 | D        | Found the +9 sword of Zonguldrok {reap}
     0 | D        | Found the +13 scythe of Curses {drain, Drain}
     0 | D        | Found the +5 sword of Power {vorpal}
     0 | D        | Found the +7 mace of Variability {chain chaos}
     0 | D        | Found the +7 Singing Sword {vorpal, sonic wave}
     0 | D        | Found the +8 storm bow {elec, penet}
     1 | D        | Found a shimmering blue altar of Sif Muna.
     1 | D        | Found a sacrificial altar of Ru.
     1 | D        | Found a bloodstained altar of Trog.
     1 | D        | Found a stormy altar of Qazlal.
     1 | D        | Found an iron altar of Okawaru.
     1 | D        | Found a sparkling altar of Nemelex Xobeh.
     3 | D        | Found a transporter.
     3 | D        | Found an ancient bone altar of Kikubaaqudgha.
     3 | D        | Found a viscous altar of Jiyva.
     3 | D        | Found a corrupted altar of Lugonu.
     3 | D        | Found a hazy altar of Hepliaklqana.
     3 | D        | Found a burning altar of Makhleb.
     3 | D        | Found an opulent altar of Gozag.
     4 | D        | Banished a spatial maelstrom
     9 | D        | Banished a spatial maelstrom
    37 | D        | Became a worshipper of Yredelemnul the Dark
    46 | D        | Reached skill level 3 in Invocations
    46 | D        | Discovered your monstrous ancestry.
    46 | D        | Gained mutation: Your touch may inflict minor irresistible
                  | damage on your foes. [demonic ancestry]
    46 | D        | Reached XP level 2. HP: 25/25 MP: 1/4
    80 | D        | Entered arena 2.
    80 | D        | Noticed a scorpion
    80 | D        | Noticed a scorpion
    80 | D        | Found a transporter.
    82 | D        | Killed a scorpion
    83 | D        | Reached skill level 4 in Invocations
    83 | D        | Reached XP level 3. HP: 31/31 MP: 4/6
    83 | D        | Gained mutation: You regenerate a little health from kills.
                  | [demonic ancestry]
    83 | D        | Reached XP level 4. HP: 38/38 MP: 4/7
    83 | D        | Killed a scorpion
    83 | D        | Reached * piety under Yredelemnul
    84 | D        | Reached skill level 5 in Fighting
    84 | D        | Reached skill level 5 in Invocations
    86 | D        | Got Ameineu's Compendium of Hexes and Ignition
    92 | D        | Entered arena 3.
    92 | D        | Found a transporter.
    97 | D        | Gained mutation: You may rarely emit foul miasma when
                  | damaged in melee. [demonic ancestry]
    97 | D        | Reached XP level 5. HP: 44/44 MP: 5/9
    98 | D        | Reached skill level 5 in Armour
   103 | D        | Entered arena 4.
   103 | D        | Noticed Sigmund
   103 | D        | Noticed Jessica
   103 | D        | Noticed Blork the orc
   103 | D        | Noticed Crazy Yiuf
   103 | D        | Found a transporter.
   106 | D        | Killed Crazy Yiuf
   107 | D        | Reached skill level 5 in Shields
   107 | D        | Killed Jessica
   108 | D        | Reached skill level 6 in Invocations
   110 | D        | Killed Blork the orc
   111 | D        | Gained mutation: You have large cloven feet. [demonic
                  | ancestry]
   111 | D        | Reached XP level 6. HP: 48/52 MP: 7/10
   113 | D        | Killed Sigmund
   113 | D        | Reached ** piety under Yredelemnul
   114 | D        | Reached skill level 5 in Long Blades
   114 | D        | Reached skill level 7 in Invocations
   114 | D        | Reached skill level 5 in Evocations
   124 | D        | Entered arena 5.
   124 | D        | Noticed a jumping spider
   124 | D        | Noticed a jumping spider
   124 | D        | Found a transporter.
   129 | D        | Reached skill level 5 in Dodging
   129 | D        | Reached XP level 7. HP: 37/59 MP: 9/12
   134 | D        | Killed a jumping spider
   135 | D        | Reached skill level 8 in Invocations
   139 | D        | Killed a jumping spider
   139 | D        | Reached *** piety under Yredelemnul
   239 | D        | Entered arena 6.
   239 | D        | Noticed a jumping spider
   239 | D        | Found a transporter.
   243 | D        | Gained mutation: You have a small tail. [demonic ancestry]
   243 | D        | Reached XP level 8. HP: 67/67 MP: 14/14
   243 | D        | Reached **** piety under Yredelemnul
   245 | D        | Reached skill level 9 in Invocations
   248 | D        | Killed a jumping spider
   248 | D        | Reached ***** piety under Yredelemnul
   254 | D        | Entered arena 7.
   254 | D        | Noticed a deep elf zephyrmancer
   254 | D        | Noticed a +1 vorpal war axe
   254 | D        | Noticed a deep elf pyromancer
   254 | D        | Noticed a deep elf zephyrmancer
   254 | D        | Noticed a +4 long sword of flaming
   255 | D        | Found a transporter.
   258 | D        | Your ally Sigmund died
   258 | D        | Killed a +4 long sword of flaming
   259 | D        | Reached skill level 10 in Invocations
   260 | D        | Killed a deep elf zephyrmancer
   261 | D        | Gained mutation: Your touch may inflict irresistible damage
                  | on your foes. [demonic ancestry]
   261 | D        | Reached XP level 9. HP: 48/75 MP: 14/16
   263 | D        | Killed a deep elf zephyrmancer
   264 | D        | Reached skill level 11 in Invocations
   265 | D        | Killed a deep elf pyromancer
   269 | D        | Slain by a +1 vorpal war axe

Illustrated notes

Levels and vault maps discovered:
D:        sprint_v [room_start, room_1, room_2, room_3, room_4, room_5, room_6,
          room_7, room_8, room_9, room_10, room_11, room_12, room_13, room_14,
          room_15, room_16, room_17, room_18, room_19, room_20, room_21,
          room_22, room_23, room_24, room_25, room_26, room_27]

Skill      XL: |  1  2  3  4  5  6  7  8  9 |
---------------+----------------------------+-----
Fighting       | 4 5 6 7 8 9 |  9.3
Long Blades    | 3 4 5 6 7 8 |  8.1
Armour         | 3 4 5 6 7 8 |  8.4
Dodging        | 2 3 4 5 6 7 |  7.7
Shields        | 3 4 5 6 7 8 |  8.4
Invocations    | 3 4 5 6 7 8 10 11 | 11.3
Evocations     | 2 3 4 5 6 7 8 |  8.5

Action                   |  1- 3 |  4- 6 |  7- 9 || total
-------------------------+-------+-------+-------++-------
Melee: Double sword      |     1 |    15 |    22 ||    38
       Kick              |       |     1 |     6 ||     7
       Tailslap          |       |       |     2 ||     2
Evoke: Wand              |       |       |     2 ||     2
       Box of beasts     |       |       |     1 ||     1
  Use: Potion            |     1 |       |       ||     1
 Stab: Distracted        |       |       |     3 ||     3
Armor: Plate armour      |       |    12 |    21 ||    33
Dodge: Dodged            |       |     1 |     1 ||     2
Block: Kite shield       |     4 |    33 |    47 ||    84
